 Dungeon Crawl Stone Soup version 0.28-a0-1182-g381e24db82 (webtiles) character file.

Game seed: 11072954156864844457

338 bearlyready the Spear-Bearer (level 6, 0/44 HPs)
             Began as a Merfolk Gladiator on Dec 16, 2021.
             Killed from afar by an orc wizard (6 damage)
             ... with a magic dart
             ... on level 3 of the Dungeon.
             The game lasted 00:03:27 (3105 turns).

bearlyready the Spear-Bearer (Merfolk Gladiator)    Turns: 3105, Time: 00:03:28

Health: 0/44       AC:  5    Str: 17    XL:     6   Next: 55%
Magic:  6/6        EV: 13    Int:  7    God:
Gold:   128        SH:  0    Dex: 15    Spells: 5/5 levels left

rFire   . . .      SeeInvis .   a - +0 trident
rCold   . . .      Faith    .   (no shield)
rNeg    . . .      Spirit   .   b - +0 leather armour
rPois   .          Reflect  .   c - +0 helmet
rElec   .          Harm     .   i - +0 cloak
rCorr   .          Rampage  .   (no gloves)
Will    .....                   (no boots)
Stlth   +.........              (no amulet)
HPRegen 0.14/turn               (no ring)
MPRegen 0.10/turn               (no ring)

@: no status effects
A: (nimble swimmer 2), mertail
a: no special abilities


You were on level 3 of the Dungeon.
You visited 1 branch of the dungeon, and saw 4 of its levels.
You also visited: Sewer.

You collected 150 gold pieces.
You spent 22 gold pieces at shops.

Inventory:

Hand Weapons
 a - a +0 trident (weapon)
Missiles
 d - a throwing net (quivered)
 g - 3 boomerangs
 l - 20 poisoned darts
Armour
 b - a +0 leather armour (worn)
 c - a +0 helmet (worn)
 i - a +0 cloak (worn)
Jewellery
 h - an amulet of magic regeneration
Scrolls
 e - a scroll of vulnerability {unknown}
 j - 2 scrolls of magic mapping
 m - a scroll of blinking {unknown}
Potions
 f - a potion of cancellation {unknown}
 k - a potion of ambrosia
 n - a potion of might
 o - a potion of mutation {unknown}


   Skills:
 - Level 2.1 Fighting
 + Level 10.3 Polearms
 - Level 2.0 Throwing
 - Level 4.0 Dodging


You had 5 spell levels left.
You didn't know any spells.
Your spell library contained the following spells:

 Spells                   Type           Power      Damage    Failure   Level
 Static Discharge         Conj/Air       0%         N/A       65%         2
 Dispel Undead            Necr           0%         3d6       99%         4
 Sticky Flame             Conj/Fire      0%         2d3       99%         4


Dungeon Overview and Level Annotations

Branches:
Dungeon (4/15)              Sewer (visited)
 Temple: D:4-7

Altars:

Shops:
D:1 =[*

Annotations:
D:2 1 runed translucent door, Crazy Yiuf


Innate Abilities, Weirdness & Mutations

((You are quick and stealthy near water. (Stealth+, EV+, Speed+++)))
Your lower body shifts to a powerful aquatic tail in water.


Message History

You hit the orc but do no damage.
The orc is moderately wounded.
Something hits you.
You closely miss the orc.
The orc is moderately wounded.
An orc wizard appears from thin air!
Reactivating autopickup.
The orc barely misses you.
You puncture the orc!
You kill the orc!
The orc wizard barely misses you.
A two-headed ogre comes into view. It is wielding two +0 giant clubs.
The orc wizard hits you with a +0 dagger.
You climb upwards.
There is a stone staircase leading down here.
You completely miss the orc wizard.
The orc wizard hits you but does no damage.
You closely miss the orc wizard.
The orc wizard hits you with a +0 dagger.
You hit the orc wizard.
The orc wizard is lightly wounded.
The orc wizard hits you but does no damage.
You hit the orc wizard.
The orc wizard is moderately wounded.
You barely miss the orc wizard.
The orc wizard is moderately wounded.
The orc wizard hits you with a +0 dagger.
You puncture the orc wizard!
The orc wizard is severely wounded.
The orc wizard hits you with a +0 dagger.
You barely miss the orc wizard.
The orc wizard is severely wounded.
The orc wizard points at you and mumbles some strange words.
The puff of flame hits you!
* * * LOW HITPOINT WARNING * * *
You hit the orc wizard but do no damage.
The orc wizard is severely wounded.
The orc wizard points at you and mumbles some strange words.
The magic dart hits you.
You die...

....##.####### #..............
######.########## #..............
# #..........# #.............. #
#..........###.............. #
#....................######. #
#...#+####...........# #.
######....................######.
+...............o..............##
######.##.......@.........####...
# #.##.................#......
######.##........##########.##.##
....†..##........##......##.##...
.#####.##........##......##..#.#.
..# #.##........##......##..#.#.
(.# #.##........##......##..###.
#.# #...........##..............
#.####............+..........###.


You could see an orc wizard.

Vanquished Creatures
  A water moccasin (Sewer)
  A jelly (D:3)
  Natasha (thrice) (D:2)
  Terence (D:2)
  2 river rats (D:3)
  2 adders
  4 worms (D:3)
  A dart slug (D:1)
  2 orcs (D:4)
  2 endoplasms
  2 giant cockroaches
  A hobgoblin (D:3)
  2 jackals (Sewer)
  4 quokkas
  9 ball pythons
  5 bats
  A frilled lizard (D:2)
  5 goblins
  6 kobolds
  6 rats
60 creatures vanquished.

Notes
Turn   | Place    | Note
-------+----------+-------------------------------------------
     0 | D:1      | bearlyready the Merfolk Gladiator began the quest for the
                  | Orb.
     0 | D:1      | Reached XP level 1. HP: 16/16 MP: 1/1
    98 | D:1      | Found Jodiow's General Store.
   108 | D:1      | Bought a scroll of identify for 22 gold pieces
   184 | D:1      | You fall into a shaft and drop 1 floor!
   195 | D:2      | Found a runed translucent door.
   196 | D:2      | Noticed Crazy Yiuf
   473 | D:2      | Reached skill level 5 in Polearms
   488 | D:2      | Reached XP level 2. HP: 22/22 MP: 2/2
   537 | D:1      | Found Jacopt's Antique Armour Shop.
   622 | D:1      | Found Fipurau's Distillery.
   670 | D:1      | Found Puastraq's Jewellery Emporium.
  1128 | D:2      | Noticed Natasha
  1138 | D:2      | Killed Natasha
  1139 | D:2      | Reached skill level 6 in Polearms
  1139 | D:2      | Reached XP level 3. HP: 27/27 MP: 3/3
  1191 | D:2      | Noticed Terence
  1201 | D:2      | Killed Terence
  1202 | D:2      | Reached skill level 7 in Polearms
  1202 | D:2      | Reached XP level 4. HP: 33/33 MP: 4/4
  1221 | D:2      | Noticed Natasha
  1239 | D:2      | Killed Natasha
  1245 | D:2      | Found a faded altar of an unknown god.
  1563 | D:2      | Noticed Natasha
  1570 | D:2      | Killed Natasha
  1571 | D:2      | Reached skill level 8 in Polearms
  1571 | D:2      | Reached XP level 5. HP: 27/38 MP: 5/5
  2015 | D:3      | Found a glowing drain.
  2177 | Sewer    | Entered a sewer
  2233 | Sewer    | Noticed a water moccasin
  2243 | Sewer    | Killed a water moccasin
  2244 | Sewer    | Reached skill level 9 in Polearms
  2244 | Sewer    | Reached XP level 6. HP: 44/44 MP: 6/6
  2430 | D:3      | Reached skill level 10 in Polearms
  3095 | D:4      | Noticed a two-headed ogre
  3105 | D:3      | Killed from afar by an orc wizard

Illustrated notes

Levels and vault maps discovered:
D:1:      kennysheep_arrival_seaside, layout_basic, serial_shops,
          nicolae_lakefront_shop, nicolae_shop_crystal,
          nicolae_shop_advertising_works [nicolae_subvault_shop_adworks], shop,
          kennysheep_doodads
D:2:      layout_basic, dreamdust_ecumenical_altar_angels_and_demons,
          uniq_natasha, uniq_terence, uniq_crazy_yiuf_cottage
D:3:      layout_basic, portal_sewer_entry_b
D:4:      layout_loops_cross, minmay_pentangle, uniq_duvessa

Skill      XL: |  1  2  3  4  5  6 |
---------------+-------------------+-----
Polearms       | 5 6 7 8 9 10 | 10.3
Fighting       | |  2.1
Throwing       | |  2.0
Dodging        | |  4.0

Action                   |  1- 3 |  4- 6 || total
-------------------------+-------+-------++-------
Melee: Trident           |    78 |   130 ||   208
       Tailslap          |       |     1 ||     1
Throw: Throwing net      |     1 |     4 ||     5
  Use: Scroll            |       |     4 ||     4
       Potion            |       |     1 ||     1
 Stab: Held in net/web   |     3 |     2 ||     5
Armor: Leather armour    |    13 |    21 ||    34
Dodge: Dodged            |    42 |    35 ||    77

Table legend: (Time is in decaauts)
 A = Elapsed time spent in this place.
 B = Non-inter-level travel time spent in this place.
 C = Inter-level travel time spent in this place.
 D = Time resting spent in this place.
 E = Time spent auto-exploring this place.
 F = Levels seen in this place.
 G = Mean time per level.
                   A        B        C        D        E       F      G
               +--------+--------+--------+--------+--------+-----+--------+
         Total |   3061 |   2952 |    109 |    326 |   2104 |   5 |  612.2 |
       Dungeon |   2955 |   2846 |    109 |    326 |   2039 |   4 |  738.8 |
         Sewer |    105 |    105 |      0 |      0 |     64 |   1 |  105.0 |
               +--------+--------+--------+--------+--------+-----+--------+

Top non-repeatable levels by time:
     D:2: 1143 daAuts
     D:3: 984 daAuts
     D:1: 774 daAuts
   Sewer: 105 daAuts
     D:4: 53 daAuts
